 Dungeon Crawl Stone Soup version 0.16-a0-1120-gd281f79 (webtiles) character file.

145 Ololoev the Vexing (level 5, -1/24 HPs)
             Began as a Vine Stalker Enchanter on Oct 6, 2014.
             Slain by a killer bee (5 damage)
             ... on level 3 of the Dungeon.
             The game lasted 00:08:37 (1406 turns).

Ololoev the Vexing (Vine Stalker Enchanter)         Turns: 1406, Time: 00:08:37

Health: -1/24      AC:  3    Str: 17    XL:     5   Next: 27%
Magic:  0/13       EV: 12    Int: 15    God:
Gold:   122        SH:  0    Dex: 14    Spells: 3 memorised, 4 levels left

rFire  . . .     SeeInvis .     a - +1 dagger
rCold  . . .     Clarity  .     b - +1 robe
rNeg   . . .     SustAb   .     (no shield)
rPois  .         Gourm    .     (no helmet)
rElec  .         Spirit   +     (no cloak)
rCorr  .         Warding  .     (no gloves)
rMut   .         Stasis   .     (no boots)
MR     .....                    (no amulet)
Stlth  ++........               (no ring)
                                g - +5 ring of strength

@: lethally poisoned, not resistant to hostile enchantments, unstealthy
A: fangs 2, regeneration 1, magic shield, antimagic bite, no device heal 3, rot
immunity
a: no special abilities


You were on level 3 of the Dungeon.
You were near starving.

You visited 1 branch of the dungeon, and saw 3 of its levels.

You collected 122 gold pieces.

Inventory:

Hand weapons
 a - a +1 dagger (weapon)
Armour
 b - a +1 robe (worn)
Magical devices
 u - a wand of slowing (17)
Comestibles
 d - 4 bread rations
 o - a royal jelly
 p - a meat ration
Scrolls
 f - 2 scrolls of enchant weapon {unknown}
 h - 6 scrolls of identify {unknown}
 k - a scroll of recharging {unknown}
 l - a scroll of teleportation {unknown}
 s - 2 scrolls of blinking {unknown}
 t - a scroll of magic mapping {unknown}
 w - a scroll of enchant armour {unknown}
Jewellery
 g - a +5 ring of strength (left hand)
Potions
 e - a potion of confusion {unknown}
 i - a potion of lignification {unknown}
 j - 2 potions of mutation {unknown}
 m - 2 potions of curing {unknown}
 n - a potion of brilliance {unknown}
 q - a potion of magic {unknown}
 r - a potion of heal wounds {unknown}
 v - a potion of invisibility {unknown}
Books
 c - a book of Maledictions

   Spells                             Type                      Level
   *Corona                            Hexes                        1
   Sure Blade                         Hexes/Charms                 2
   *Ensorcelled Hibernation           Hexes/Ice                    2
   *Confuse                           Hexes                        3
   Dazzling Spray                     Conjuration/Hexes            3
   Enslavement                        Hexes                        4


   Skills:
 * Level 0.8 Short Blades
 - Level 1.5 Dodging
 + Level 3.6 Stealth
 - Level 3.2 Spellcasting
 * Level 4.6 Hexes
 - Level 2.0 Ice Magic


You had 4 spell levels left.
You knew the following spells:

 Your Spells              Type           Power        Failure   Level  Hunger
a - Corona                Hex            ###....      3%          1    #......
b - Ensorcelled Hibernat  Hex/Ice        ##....       10%         2    ##.....
c - Confuse               Hex            ###.....     12%         3    ###....


Dungeon Overview and Level Annotations

Branches:
Dungeon (3/15)

Altars:
Ashenzari
Qazlal


Innate Abilities, Weirdness & Mutations

You have extremely sharp teeth.
Your natural rate of healing is unusually fast.
When hurt, damage is shared between your health and your magic reserves.
Your bite disrupts and absorbs the magic of your enemies.
Potions and wands cannot restore your health.
You are immune to rotting.


Message History

The killer bee stings you.
You are poisoned.
The killer bee poisons you! The killer bee barely misses you.
You hit the killer bee.
The killer bee is almost dead.
You feel sick. The killer bee stings you.
You are more poisoned.
The killer bee poisons you! The killer bee stings you!
* * * LOW HITPOINT WARNING * * *
The killer bee closely misses the killer bee.
You closely miss the killer bee. Your bite misses the killer bee.
The killer bee is almost dead.
* * * LOW HITPOINT WARNING * * *
You feel sick. The killer bee barely misses you.
The killer bee barely misses you.
You closely miss the killer bee. Your bite misses the killer bee.
The killer bee is almost dead.
* * * LOW HITPOINT WARNING * * *
You feel sick. The killer bee barely misses you. The killer bee stings you.
You die...

......................#.####.#...
....................###.####..###
#..######..## ......# ##.......
#...........# ......###%##.......
....#####...#######.#......).....
....#####........................
....##......#######.#............
............#######.##...........
....#.......#...@##.##......8#8..
....#...)...#...y##.##......#!#.#
....#.#.....#....y.y......$.8# ..
....#.#.....#.##........##.y.
....#.##....#.......#......
............#♣.....♣#......
....#.#....##♣♣...♣♣ .....
.#.#.....##♣♣♣♣♣ ####.
#.#.?#...## ##.#


You could see 2 killer bees.

Vanquished Creatures
  The ghost of JacquesDerrida the Cudgeler, a weakling DgSk (D:3)
  An orc wizard (D:3)
  2 adders
  A worm (D:2)
  An ooze (D:2)
  4 orcs
  3 bats
  5 goblins
  3 hobgoblins (D:1)
  9 jackals
  7 kobolds
  3 ball pythons (D:2)
  4 giant cockroaches (D:2)
  3 giant newts
  7 rats
54 creatures vanquished.

Notes
Turn   | Place    | Note
--------------------------------------------------------------
     0 | D:1      | Ololoev, the Vine Stalker Enchanter, began the quest for the Orb.
     0 | D:1      | Reached XP level 1. HP: 9/9 MP: 3/3
   242 | D:1      | Reached XP level 2. HP: 5/13 MP: 4/6
   258 | D:1      | Learned a level 2 spell: Ensorcelled Hibernation
   390 | D:1      | Found a shattered altar of Ashenzari.
   489 | D:1      | Reached XP level 3. HP: 16/16 MP: 1/7
   924 | D:2      | Reached skill level 1 in Ice Magic
  1012 | D:2      | Reached skill level 4 in Hexes
  1104 | D:2      | Reached XP level 4. HP: 21/21 MP: 3/9
  1123 | D:2      | Learned a level 3 spell: Confuse
  1217 | D:3      | Noticed JacquesDerrida's ghost (weakling DgSk)
  1320 | D:3      | Killed JacquesDerrida's ghost
  1320 | D:3      | Reached XP level 5. HP: 17/24 MP: 13/13
  1321 | D:3      | Found a stormy altar of Qazlal.
  1406 | D:3      | Slain by a killer bee

Action                   |  1- 3 |  4- 6 || total
-------------------------+-------+-------++-------
Melee: Dagger            |   130 |    22 ||   152
 Cast: Ensorcelled Hiber |    15 |     8 ||    23
       Confuse           |       |     5 ||     5
Evoke: Wand              |     1 |     1 ||     2
 Stab: Sleeping          |    14 |     6 ||    20
       Confused          |       |     2 ||     2
  Eat: Chunk             |     2 |       ||     2
